 Dungeon Sprint DCSS version 0.27.1-34-g3ba077fa99 (webtiles) character file.

Game seed: 13724544849138464729

15090 boopmooplesden the Peltast (level 11, -15/112 HPs)
             Began as a Minotaur Fighter on Jan 2, 2022.
             Was the Champion of Okawaru.
             Engulfed by a cloud of foul pestilence (17 damage)
             ... in the Dungeon (Sprint II: "The Violet Keep of Menkaure").
             The game lasted 00:12:47 (3190 turns).

boopmooplesden the Peltast (Minotaur Fighter)       Turns: 3190, Time: 00:12:47

Health: -15/112    AC: 24    Str: 24    XL:     11   Next: 97%
Magic:  12/12      EV: 12    Int:  6    God:    Okawaru [******]
Gold:   302        SH: 24    Dex: 13    Spells: 10/10 levels left

rFire    + . .     SeeInvis +   d - +10 falchion "Wipruoj" {flame, Dex+4}
rCold    + . .     Faith    .   z - +1 tower shield {AC+3}
rNeg     + . .     Spirit   .   B - +3 chain mail {rN+}
rPois    +         Reflect  .   (helmet restricted)
rElec    +         Harm     .   x - +0 cloak
rCorr    +         Rampage  .   k - +2 pair of gloves
Will     .....     NoTele   +   (no boots)
Stlth    ..........             (no amulet)
HPRegen  0.28/turn              y - ring "Miaviux" {Slay+5 SInv Stlth-}
MPRegen  0.13/turn              (no ring)

@: lethally poisoned (-15 -> -42), resistant, flying, slowed, very slow
A: horns 2, retaliatory headbutt
a: Renounce Religion, Heroism, Finesse


You were in the Dungeon.
You worshipped Okawaru.
Okawaru was exalted by your worship.
You visited 1 branch You collected 1718 gold pieces.
You spent 1416 gold pieces at shops.

Inventory:

Hand Weapons
 a - a +0 long sword
 d - the +10 falchion "Wipruoj" (weapon) {flame, Dex+4}
   (You bought it in a shop in the Dungeon)

   It burns those it strikes, dealing additional fire damage.
   Big, fiery blades are also staple armaments of hydra-hunters.
   Dex:       It affects your dexterity (+4).
Missiles
 r - 7 javelins (quivered)
Armour
 b - a +0 scale mail
 c - a +0 kite shield
 k - a +2 pair of gloves (worn)
 l - the +0 ring mail "Kotsitim" {Dex+3}
   (You bought it in a shop in the Dungeon)

   Dex:       It affects your dexterity (+3).
 m - a +0 pair of gloves
 x - a +0 cloak (worn)
 z - a +1 tower shield of protection (worn)
 B - a +3 chain mail of positive energy (worn)
Jewellery
 s - a ring of wizardry
 u - a +6 ring of intelligence
 y - the ring "Miaviux" (left hand) {Slay+5 SInv Stlth-}
   (You bought it in a shop in the Dungeon)

   [ring of see invisible]

   Slay:      It affects your accuracy & damage with ranged weapons and melee
   (+5).
   SInv:      It lets you see invisible.
   Stlth:     It makes you less stealthy.
Scrolls
 j - a scroll of blinking
 n - 2 scrolls of amnesia
 p - 2 scrolls of vulnerability
 v - a scroll of enchant weapon {unknown}
 A - a scroll of acquirement {unknown}
Potions
 f - 2 potions of heal wounds
 g - a potion of haste
 h - 5 potions of magic
 i - a potion of berserk rage
 o - 4 potions of flight
 t - 2 potions of resistance
 w - a potion of lignification {unknown}
Miscellaneous
 e - a piece from Xom's chessboard (15/15)


   Skills:
 + Level 15.1 Fighting
 + Level 15.4 Long Blades
 + Level 15.0 Armour
 + Level 11.2 Dodging
 + Level 3.1 Stealth
 + Level 19.9 Shields
 + Level 3.4 Invocations


You had 10 spell levels left.
You didn't know any spells.
Your spell library contained the following spells:

 Spells                   Type           Power      Damage    Failure   Level
 Beastly Appendage        Tmut           0%         N/A       99%         1
 Wereblood                Tmut           0%         N/A       99%         2
 Spider Form              Tmut/Pois      0%         N/A       100%        3


Dungeon Overview and Level Annotations

Branches:
Dungeon (1/1)

Altars:
Cheibriados
Dithmenos
Elyvilon
Fedhas
Gozag
Hepliaklqana
Kikubaaqudgha
Makhleb
Nemelex Xobeh
Okawaru
Qazlal
Ru
Sif Muna
Trog
Uskayaw
Vehumet
Wu Jian
Xom
Yredelemnul
Zin
The Shining One
Beogh
Jiyva
Lugonu

Shops:
D *(:*[(*!![[:[?[*(*?=((*==![

Annotations:
D exclusions: obsidian statue and oklob plant


Innate Abilities, Weirdness & Mutations

You have a pair of horns on your head.
You reflexively headbutt those who attack you in melee.


Message History

[Y]es or [N]o only, please.
Really fly into that cloud of foul pestilence? [Y]es or [N]o only, please.
Really fly into that cloud of foul pestilence? [Y]es or [N]o only, please.
Really fly into that cloud of foul pestilence?
You are engulfed in dark miasma.
You are poisoned.
You feel yourself slow down.
You feel very sick.
Really fly into that cloud of foul pestilence? [Y]es or [N]o only, please.
Really fly into that cloud of foul pestilence? [Y]es or [N]o only, please.
Really fly into that cloud of foul pestilence?
You are engulfed in dark miasma.
You feel very sick.
You are engulfed in dark miasma.
You are more poisoned.
You feel as though you will be slow longer.
You feel extremely sick.
You are engulfed in dark miasma.
You are more poisoned.
You feel extremely sick.
You are engulfed in dark miasma.
You feel extremely sick.
You are engulfed in dark miasma.
You feel as though you will be slow longer.
* * * LOW HITPOINT WARNING * * *
You feel extremely sick.
You feel very sick.
You feel much better.
You are engulfed in dark miasma.
* * * LOW HITPOINT WARNING * * *
You feel very sick.
You are engulfed in dark miasma.
You are lethally poisoned!
* * * LOW HITPOINT WARNING * * *
x2 You feel extremely sick.
You are engulfed in dark miasma.
You die...

#+++#+++#≈§§≈≈≈≈§≈#.._._.
#≈≈≈°°°≈##≈≈≈###≈≈#..._._
#≈≈≈°≈°°≈○##≈≈#.#§≈#...._.
+≈§≈°≈8°°≈≈°+§≈#'#≈≈#....._
##≈≈≈°°°○§°##≈§≈≈≈≈≈#######
##≈≈°°≈§≈###########≈≈≈≈≈≈
####+####°°°°°°.###≈#####
##°≈°☼○°☼§≈##≈#
+§@°°○☼○○○≈.'≈#
##≈○○°○○°°.#### ##○○°○☼≈≈##
#########


+333+ ##### You could see a sixfirhy.

Vanquished Creatures
  A kraken (D)
  Kirke (D)
  A yaktaur captain (D)
  A great orb of eyes (D)
  2 boulder beetles (D)
  A centaur warrior (D)
  A death yak (D)
  A skeletal warrior (D)
  3 manticores (D)
  3 shining eyes (D)
  An elephant (D)
  A merfolk siren (D)
  A kobold demonologist (D)
  A yaktaur (D)
  3 polar bears (D)
  A hornet (D)
  A blink frog (D)
  12 flying skulls (D)
  4 water moccasins (D)
  3 black bears (D)
  A necrophage (D)
  4 scorpions (D)
  An iron imp (D)
  3 worms (D)
  8 tentacles (D)
60 creatures vanquished.

Vanquished Creatures (others)
  Menkaure (D)
  A water moccasin (D)
  30 tentacles (D)
32 creatures vanquished.

Grand Total: 92 creatures vanquished

Notes
Turn   | Place    | Note
-------+----------+-------------------------------------------
     0 | D        | boopmooplesden the Minotaur Fighter began the quest for the
                  | Orb.
     0 | D        | Reached XP level 1. HP: 19/19 MP: 0/0
     1 | D        | Noticed a boulder beetle
     1 | D        | Noticed a boulder beetle
     4 | D        | Noticed a scorpion
     4 | D        | Noticed a scorpion
     4 | D        | Noticed a scorpion
     5 | D        | Killed Menkaure
     6 | D        | Noticed a scorpion
     9 | D        | Killed a scorpion
    10 | D        | Reached skill level 6 in Shields
    10 | D        | Reached XP level 2. HP: 27/30 MP: 1/1
    10 | D        | Reached XP level 3. HP: 34/37 MP: 2/2
    10 | D        | Killed a scorpion
    11 | D        | Reached skill level 7 in Shields
    11 | D        | Reached XP level 4. HP: 43/47 MP: 3/3
    12 | D        | Killed a scorpion
    13 | D        | Reached skill level 5 in Long Blades
    13 | D        | Reached XP level 5. HP: 50/53 MP: 4/4
    15 | D        | Reached skill level 8 in Shields
    46 | D        | Killed a water moccasin
   140 | D        | Noticed a merfolk siren
   156 | D        | Killed a merfolk siren
   157 | D        | Reached skill level 10 in Fighting
   157 | D        | Reached skill level 10 in Shields
   157 | D        | Reached XP level 6. HP: 67/67 MP: 5/5
   157 | D        | Reached XP level 7. HP: 73/73 MP: 6/6
   178 | D        | Found Yloinaij's Magic Scroll Boutique.
   178 | D        | Found Deci's General Store.
   178 | D        | Found Gavoy's Assorted Antiques.
   178 | D        | Found Redgh's Jewellery Shop.
   178 | D        | Found Coob's Antique Weapon Boutique.
   179 | D        | Found Xeomuach's Antique Armour Shop.
   179 | D        | Found Haruript's Jewellery Shop.
   179 | D        | Found Qupnuu Ittu's Magic Scroll Boutique.
   179 | D        | Found Ilenog's Antique Armour Shop.
   179 | D        | Found Aruf's Book Boutique.
   187 | D        | Found Haifo's Distillery.
   187 | D        | Found Buathriwn's Jewellery Shop.
   187 | D        | Found Naeneell's Distillery.
   187 | D        | Found Dayph's Distillery.
   193 | D        | Reached skill level 10 in Armour
   198 | D        | Noticed a blink frog
   215 | D        | Noticed an oklob plant
   220 | D        | Killed a blink frog
   221 | D        | Reached skill level 11 in Shields
   223 | D        | Found Menaus's Book Shoppe.
   224 | D        | Noticed a redback
   225 | D        | Noticed a redback
   232 | D        | Bought a jewelled falchion for 200 gold pieces
   232 | D        | Identified the +10 falchion "Wipruoj" {flame, Dex+4} (You
                  | bought it in a shop in the Dungeon)
   235 | D        | Noticed a wyvern
   236 | D        | Bought a pair of runed gloves for 187 gold pieces
   236 | D        | Bought a fading ring mail for 225 gold pieces
   236 | D        | Identified the +0 ring mail "Kotsitim" {Dex+3} (You bought
                  | it in a shop in the Dungeon)
   439 | D        | Found a hazy altar of Hepliaklqana.
   439 | D        | Found a snail-covered altar of Cheibriados.
   440 | D        | Found a stormy altar of Qazlal.
   440 | D        | Found a viscous altar of Jiyva.
   440 | D        | Found a shadowy altar of Dithmenos.
   441 | D        | Found a sacrificial altar of Ru.
   441 | D        | Found an ancient bone altar of Kikubaaqudgha.
   441 | D        | Found a white marble altar of Elyvilon.
   442 | D        | Found an ornate altar of the Wu Jian Council.
   442 | D        | Found a shimmering blue altar of Sif Muna.
   442 | D        | Found a corrupted altar of Lugonu.
   442 | D        | Found a blossoming altar of Fedhas.
   443 | D        | Found a shimmering altar of Xom.
   443 | D        | Found a bloodstained altar of Trog.
   443 | D        | Found a burning altar of Makhleb.
   444 | D        | Found a glowing golden altar of the Shining One.
   444 | D        | Found a basalt altar of Yredelemnul.
   444 | D        | Found a hide-covered altar of Uskayaw.
   446 | D        | Found a glowing silver altar of Zin.
   446 | D        | Found a radiant altar of Vehumet.
   446 | D        | Found a sparkling altar of Nemelex Xobeh.
   446 | D        | Noticed a hornet
   446 | D        | Noticed a polar bear
   446 | D        | Noticed a polar bear
   447 | D        | Found an opulent altar of Gozag.
   447 | D        | Found an iron altar of Okawaru.
   447 | D        | Noticed a yaktaur
   448 | D        | Noticed a polar bear
   451 | D        | Noticed a flying skull
   456 | D        | Noticed a flying skull
   456 | D        | Noticed a flying skull
   456 | D        | Became a worshipper of Warmaster Okawaru
   466 | D        | Killed a yaktaur
   467 | D        | Reached XP level 8. HP: 80/83 MP: 7/7
   469 | D        | Killed a polar bear
   469 | D        | Reached * piety under Okawaru
   470 | D        | Reached skill level 10 in Long Blades
   470 | D        | Reached skill level 1 in Dodging
   470 | D        | Reached skill level 12 in Shields
   474 | D        | Killed a hornet
   484 | D        | Killed a polar bear
   487 | D        | Killed a polar bear
   487 | D        | Reached ** piety under Okawaru
   675 | D        | Noticed a kraken
   689 | D        | Reached skill level 13 in Shields
   689 | D        | Reached XP level 9. HP: 91/91 MP: 8/8
  1166 | D        | Reached skill level 14 in Shields
  1172 | D        | Reached skill level 5 in Dodging
  1180 | D        | Reached *** piety under Okawaru
  1208 | D        | Reached skill level 15 in Shields
  1221 | D        | Reached XP level 10. HP: 61/101 MP: 9/9
  1991 | D        | Noticed an obsidian statue
  2020 | D        | Killed a boulder beetle
  2020 | D        | Reached **** piety under Okawaru
  2021 | D        | Reached skill level 16 in Shields
  2021 | D        | Reached skill level 1 in Invocations
  2038 | D        | Bought a cloak for 112 gold pieces
  2042 | D        | Bought the ring "Miaviux" {Slay+5 SInv Stlth-} for 457 gold
                  | pieces
  2272 | D        | Noticed an ice statue
  2276 | D        | Noticed Kirke
  2276 | D        | Noticed a skeletal warrior
  2276 | D        | Noticed a yaktaur captain
  2289 | D        | Killed a yaktaur captain
  2290 | D        | Noticed an elephant
  2352 | D        | Killed Kirke
  2352 | D        | Reached ***** piety under Okawaru
  2353 | D        | Reached skill level 1 in Stealth
  2353 | D        | Reached skill level 17 in Shields
  2357 | D        | Killed an elephant
  2370 | D        | Noticed a death yak
  2370 | D        | Noticed a centaur warrior
  2381 | D        | Killed a centaur warrior
  2382 | D        | Reached XP level 11. HP: 69/108 MP: 11/11
  2384 | D        | Killed a death yak
  2399 | D        | Killed a skeletal warrior
  2399 | D        | Reached ****** piety under Okawaru
  2400 | D        | Reached skill level 10 in Dodging
  2400 | D        | Reached skill level 18 in Shields
  2631 | D        | Received a gift from Okawaru
  2663 | D        | Noticed a shining eye
  2663 | D        | Noticed a great orb of eyes
  2663 | D        | Noticed a shining eye
  2663 | D        | Noticed a shining eye
  2666 | D        | Killed a shining eye
  2669 | D        | Killed a shining eye
  2674 | D        | Killed a great orb of eyes
  2681 | D        | Killed a shining eye
  2683 | D        | Reached skill level 19 in Shields
  2687 | D        | Reached skill level 15 in Long Blades
  2750 | D        | Found Ezuitup's Assorted Antiques.
  2750 | D        | Found Jayfodgh's Antique Weapon Shop.
  2751 | D        | Found Coporiff's Assorted Antiques.
  2751 | D        | Found Itwodyfadut's Antique Weapon Shoppe.
  2751 | D        | Found Ronos's Antique Armour Boutique.
  2751 | D        | Found Jyememoj's Armour Emporium.
  2751 | D        | Found Gubohusu's Weapon Shop.
  2751 | D        | Found Zumystauky's Armour Shoppe.
  2751 | D        | Found Ucly's General Store.
  2751 | D        | Found Xumilapn's Antique Armour Emporium.
  2751 | D        | Found Zyfronov's Assorted Antiques.
  2751 | D        | Found Worph's Weapon Shoppe.
  2757 | D        | Bought a +3 chain mail of positive energy for 235 gold
                  | pieces
  2948 | D        | Killed a kraken
  3006 | D        | Killed a boulder beetle
  3007 | D        | Reached skill level 15 in Fighting
  3007 | D        | Reached skill level 15 in Armour
  3178 | D        | Noticed a sixfirhy
  3183 | D        | Noticed a sixfirhy
  3185 | D        | Noticed a sixfirhy
  3189 | D        | HP: 2/112 [poison (dark miasma)]
  3190 | D        | Engulfed by a cloud of foul pestilence

Illustrated notes

Levels and vault maps discovered:
D:        the_violet_keep_of_menkaure [sprint2_stairs_cluster_1,
          sprint2_shoproom, sprint2_temple, sprint2_basic_supplies,
          sprint2_obstacle_3, sprint2_obstacle_1, sprint2_obstacle_2,
          sprint2_obstacle_5, sprint2_obstacle_6, sprint2_timed_cluster_1,
          sprint2_smallroom_cluster_1, sprint2_smallroom_final_cluster_1,
          sprint2_transparent_cluster_1, sprint2_second_timed_cluster_1,
          sprint2_sniper_area_1, sprint2_heavy_combat_area_1,
          sprint2_mutation_trap_area_1, sprint2_forest_area_1,
          sprint2_light_combat_area_1, sprint2_behind_water_1,
          sprint2_near_end_vault_1]

Skill      XL: |  1  2  3  4  5  6  7  8  9 10 11 |
---------------+----------------------------------+-----
Fighting       | 6 7 8 10 11 12 13 15 | 15.1
Long Blades    | 3 4 5 7 9 11 13 14 15 | 15.4
Armour         | 6 7 9 10 11 12 13 15 | 15.0
Shields        | 6 7 10 11 13 15 17 19 | 19.9
Dodging        | 2 6 9 11 | 11.2
Invocations    | 1 3 |  3.4
Stealth        | 1 3 |  3.1

Action                   |  1- 3 |  4- 6 |  7- 9 | 10-12 || total
-------------------------+-------+-------+-------+-------++-------
Melee: Long sword        |     5 |    17 |    24 |       ||    46
       Headbutt          |     1 |     3 |    24 |    47 ||    75
       Falchion          |       |       |   112 |   111 ||   223
Invok: Heroism           |       |       |     1 |     5 ||     6
  Use: Potion            |     1 |       |     1 |     5 ||     7
       Scroll            |       |       |       |     5 ||     5
 Stab: Sleeping          |       |       |       |     1 ||     1
Armor: Scale mail        |     2 |       |     5 |       ||     7
       Ring mail         |       |       |    44 |    14 ||    58
       Chain mail        |       |       |       |     3 ||     3
Dodge: Dodged            |     1 |     3 |    60 |    35 ||    99
Block: Kite shield       |     3 |     3 |    91 |    23 ||   120
       Tower shield      |       |       |       |    65 ||    65
       Rpst.: Long sword |       |     1 |     1 |       ||     2
       Falchion          |       |       |    11 |     9 ||    20
